 Dungeon Crawl Stone Soup version 0.25.0 (webtiles) character file.

Game seed: 10905822354596124826

186 Golfball the Skirmisher (level 5, -3/35 HPs)
             Began as a Gargoyle Monk on June 12, 2020.
             Slain by a hobgoblin (5 damage)
             ... led by Robin
             ... on level 2 of the Dungeon.
             The game lasted 00:09:01 (2411 turns).

Golfball the Skirmisher (Gargoyle Monk)             Turns: 2411, Time: 00:09:03

Health: -3/35      AC:  7    Str: 15    XL:     5   Next: 65%
Magic:  5/5        EV: 16    Int: 11    God:
Gold:   73         SH:  0    Dex: 12    Spells: 4/4 levels left

rFire    . . .     SeeInvis .   a - +0 mace
rCold    . . .     Gourm    .   (no shield)
rNeg     + . .     Faith    .   o - +0 leather armour
rPois    ∞         Spirit   .   (no helmet)
rElec    +         Reflect  .   (no cloak)
rCorr    .         Harm     .   (no gloves)
MR       .....                  (no boots)
Stlth    ++........             (no amulet)
HPRegen  0.11/turn              n - +4 ring of evasion
MPRegen  0.09/turn              (no ring)

@: no status effects
A: negative energy resistance 1, electricity resistance, unbreathing,
petrification resistance, rot immunity, AC +4
a: no special abilities


You were on level 2 of the Dungeon.
You were not hungry.

You visited 1 branch of the dungeon, and saw 2 of its levels.

You collected 73 gold pieces.

Inventory:

Hand Weapons
 a - a +0 mace (weapon)
 b - a +0 hunting sling
 l - a +0 hand axe
Missiles
 g - 96 stones (quivered)
Armour
 i - a +0 ring mail
 o - a +0 leather armour (worn)
Jewellery
 n - a +4 ring of evasion (left hand)
Wands
 m - a wand of polymorph (9)
Scrolls
 e - a scroll of remove curse {unknown}
 f - a scroll of teleportation {unknown}
 h - a scroll of enchant armour {unknown}
 j - 2 scrolls of fear {unknown}
 k - a scroll of identify {unknown}
 q - a scroll of magic mapping {unknown}
Potions
 d - a potion of lignification {unknown}
 r - a potion of curing {unknown}
Comestibles
 c - 4 rations
 p - 3 chunks of flesh


   Skills:
 + Level 5.3 Fighting
 + Level 4.8 Maces & Flails
 - Level 2.4 Dodging
 - Level 2.1 Stealth


You had 4 spell levels left.
You didn't know any spells.
Your spell library was empty.

Dungeon Overview and Level Annotations

Branches:
Dungeon (2/15)

Altars:

Annotations:
D:2 Robin


Innate Abilities, Weirdness & Mutations

You are resistant to torment.
Your stone body is resilient. (AC +4)
You are immune to poison.
You resist negative energy. (rN+)
You are resistant to electric shocks. (rElec)
You can survive without breathing.
You are immune to petrification.
You are immune to rotting.


Message History

You hit Robin but do no damage.
Robin is almost dead.
The goblin hits you but does no damage. The goblin closely misses you.
The goblin barely misses you. The hobgoblin completely misses you.
Robin roars a battlecry!
The hobgoblin goes into a battle-frenzy!
The goblin closely misses you.
You barely miss Robin.
Robin is almost dead.
The goblin barely misses you. The goblin misses you.
The hobgoblin closely misses you. Robin hits you but does no damage.
Space bends around you. The goblin barely misses you. The goblin misses you.
The goblin hits you with a +0 club.
You closely miss Robin.
Robin is almost dead.
The hobgoblin hits you but does no damage.
Robin hits you but does no damage. Space warps horribly around you!
* * * LOW HITPOINT WARNING * * *
The goblin closely misses you. The goblin misses you. The hobgoblin hits you.
You die...

#........#####.# #####.
#.#####..# #.########### #.
#.##.....# #...........#### ##
#.##.##.## ########.......#
#<......# ######### #..#.##.#
#.g.....# #.......# #..#.##.#
#g##.##g###.......# #..#.##.####
#g##.....##...g.g.###..#.##.....
#g#####..##...g@g......#........
#.).............g.###....<......
#####.#####.......###.##.##.####
##.# #.......#..)##.##.# #..#
#.#######......##.# #..# #.#
#...#####.# #..#####.#
##..#####.#
#........########........#
#.###...#.........###########


You could see Robin, a hobgoblin (strong) and 3 goblins.

Vanquished Creatures
  A scorpion (D:1)
  A bullfrog skeleton (D:2)
  A centaur skeleton (D:2)
  2 adders
  An ooze (D:2)
  2 dart slugs
  A leopard gecko (D:2)
  6 giant cockroaches
  7 goblins
  14 hobgoblins
  3 jackals (D:1)
  5 kobolds
  2 bats
  4 frilled lizards
  2 rats
52 creatures vanquished.

Notes
Turn   | Place    | Note
-------+----------+-------------------------------------------
     0 | D:1      | Golfball the Gargoyle Monk began the quest for the Orb.
     0 | D:1      | Reached XP level 1. HP: 14/14 MP: 1/1
   121 | D:1      | Reached XP level 2. HP: 19/19 MP: 2/2
   681 | D:1      | Reached XP level 3. HP: 24/24 MP: 3/3
   746 | D:2      | Noticed Robin
   751 | D:1      | Reached skill level 4 in Fighting
  1127 | D:1      | Reached XP level 4. HP: 23/30 MP: 4/4
  1482 | D:2      | Reached XP level 5. HP: 33/34 MP: 5/5
  1543 | D:2      | Reached skill level 5 in Fighting
  2411 | D:2      | Slain by a hobgoblin

Illustrated notes

Levels and vault maps discovered:
D:1:      tarquinn_simple_flora_water_a, layout_rooms,
          hangedman_decor_clover_reticule, minmay_cut_off
D:2:      layout_loops_cross, uniq_robin

Skill      XL: |  1  2  3  4  5 |
---------------+----------------+-----
Fighting       | 4 5 |  5.3
Maces & Flails | 4 |  4.8
Dodging        | |  2.4
Stealth        | |  2.1

Action                   |  1- 3 |  4- 6 || total
-------------------------+-------+-------++-------
Melee: Mace              |   103 |    90 ||   193
 Fire: Hunting sling     |     1 |     1 ||     2
 Stab: Sleeping          |     2 |     4 ||     6
       Distracted        |     1 |       ||     1
  Eat: Chunk             |     1 |     4 ||     5
Armor: Robe              |    37 |    14 ||    51
       Leather armour    |       |    23 ||    23
Dodge: Dodged            |    88 |    90 ||   178
